General information
			
			
        
        - name: BNet
 
        - type: Ladder team game (AT/RT)
 
        - host: Battle.net
 
        - saver: HoneyBlunt
 
        
map: Battleground 
        - players: 8
 
        - length: 40:09
 
        - speed: Fast
 - version: 1.22 W3XP
 - replay type:  Public
 
» download(396 KB)
Players
        team 1 (winner) 
              
              
ErPf3000 (
yellow | 106 APM | 4240 actions | 40:05)
              
 7 Death Knight 
 3 Death Coil
 3 Unholy Aura
 1 Animate Dead
 5 Lich 
 3 Frost Nova
 1 Dark Ritual
 1 Frost Armor
 
                » actions 
                
                | Assign group hotkey | 45 |  | 
| Basic commands | 677 |  | 
| Build / train | 106 |  | 
| ESC pressed | 3 |  | 
| Enter build submenu | 20 |  | 
| Enter hero's abilities submenu | 14 |  | 
| Give item / drop item | 5 |  | 
| Right click | 911 |  | 
| Select / deselect | 1106 |  | 
| Select group hotkey | 1097 |  | 
| Use ability | 256 |  | 
                4240 total
 » units 
                
                | Acolyte | 10 |  | 
| Ghoul | 3 |  | 
| Crypt Fiend | 21 |  | 
| Obsidian Statue | 12 |  | 
                46 total
 » upgrades
                » buildings
                
                | Crypt | 1 |  | 
| Graveyard | 1 |  | 
| Ziggurat | 6 |  | 
| Altar of Darkness | 1 |  | 
| Tomb of Relics | 1 |  | 
| Nerubian Tower | 4 |  | 
| Halls of the Dead | 1 |  | 
| Slaughterhouse | 1 |  | 
| Black Citadel | 3 |  | 
| Spirit Tower | 5 |  | 
| Sacrificial Pit | 2 |  | 
                26 total
 » build order
                00:11 Crypt
00:24 Graveyard
00:39 Ziggurat
01:00 Altar of Darkness
01:56 Tomb of Relics
02:02 Ziggurat
02:34 Nerubian Tower
02:34 Nerubian Tower
04:16 Halls of the Dead
04:57 Ziggurat
06:49 Slaughterhouse
07:38 Ziggurat
08:36 Black Citadel
08:37 Black Citadel
11:22 Ziggurat
11:57 Spirit Tower
12:43 Sacrificial Pit
20:45 Spirit Tower
20:58 Spirit Tower
20:59 Spirit Tower
25:28 Ziggurat
40:02 Sacrificial Pit
» items
                
                | Rod of Necromancy | 3 |  | 
| Potion of Healing | 1 |  | 
| Scroll of Speed | 2 |  | 
| Scroll of Town Portal | 6 |  | 
| Orb of Corruption | 2 |  | 
| Dust of Appearance | 2 |  | 
| Scroll of Healing | 2 |  | 
| Lesser Clarity Potion | 1 |  | 
| Potion of Lesser Invulnerability | 2 |  | 
| Staff of Teleportation | 1 |  | 
| Scroll of Protection | 1 |  | 
| Boots of Speed | 1 |  | 
                24 total
  
               
              
              
General-M (
purple | 47 APM | 1881 actions | 40:05)
              
 5 Blademaster 
 2 Wind Walk
 3 Critical Strike
 
                » actions 
                
                | Assign group hotkey | 1 |  | 
| Build / train | 58 |  | 
| ESC pressed | 1 |  | 
| Enter build submenu | 19 |  | 
| Enter hero's abilities submenu | 5 |  | 
| Right click | 1164 |  | 
| Select / deselect | 502 |  | 
| Select group hotkey | 5 |  | 
| Use ability | 126 |  | 
                1881 total
 » units 
                » upgrades
                
                | Ranged Weapons | 2 |  | 
| Liquid Fire | 1 |  | 
| Armor | 1 |  | 
| Reinforced Defenses | 1 |  | 
                5 total
 » buildings
                
                | Altar of Storms | 1 |  | 
| Orc Burrow | 4 |  | 
| Voodoo Lounge | 1 |  | 
| Stronghold | 1 |  | 
| War Mill | 1 |  | 
| Fortress | 1 |  | 
| Beastiary | 3 |  | 
| Watch Tower | 7 |  | 
                19 total
 » build order
                00:09 Altar of Storms
00:12 Orc Burrow
00:37 Voodoo Lounge
02:12 Stronghold
03:01 Orc Burrow
03:05 War Mill
04:09 Orc Burrow
04:35 Fortress
04:59 Beastiary
05:02 Beastiary
05:38 Beastiary
15:55 Orc Burrow
17:49 Watch Tower
17:51 Watch Tower
17:52 Watch Tower
18:55 Watch Tower
18:56 Watch Tower
18:57 Watch Tower
18:59 Watch Tower
» items
                
                | Healing Salve | 2 |  | 
| Lesser Clarity Potion | 2 |  | 
| Scroll of Speed | 1 |  | 
| Dust of Appearance | 1 |  | 
| Staff of Teleportation | 1 |  | 
| Orb of Lightning | 1 |  | 
| Potion of Mana | 1 |  | 
| Potion of Healing | 1 |  | 
| Boots of Speed | 1 |  | 
                11 total
  
               
              
              
GnR (
pink | 117 APM | 4686 actions | 40:05)
              
 6 Priestess of the Moon 
 2 Scout
 3 Trueshot Aura
 1 Starfall
 6 Keeper of the Grove 
 2 Entangling Roots
 3 Force of Nature
 1 Tranquility
 
                » actions 
                
                | Assign group hotkey | 50 |  | 
| Basic commands | 17 |  | 
| Build / train | 88 |  | 
| Enter build submenu | 16 |  | 
| Enter hero's abilities submenu | 13 |  | 
| Give item / drop item | 1 |  | 
| Remove unit from queue | 3 |  | 
| Right click | 1719 |  | 
| Select / deselect | 516 |  | 
| Select group hotkey | 2130 |  | 
| Use ability | 133 |  | 
                4686 total
 » units 
                
                | Wisp | 15 |  | 
| Archer | 7 |  | 
| Druid of the Talon | 4 |  | 
| Chimaera | 21 |  | 
                47 total
 » upgrades
                
                | Improved Bows | 1 |  | 
| Druid of the Talon Training | 1 |  | 
| Corrosive Breath | 1 |  | 
| Nature's Blessing | 1 |  | 
                4 total
 » buildings
                
                | Altar of Elders | 1 |  | 
| Moon Well | 7 |  | 
| Ancient of War | 1 |  | 
| Ancient of Wonders | 1 |  | 
| Tree of Ages | 3 |  | 
| Tree of Eternity | 1 |  | 
| Ancient of Wind | 1 |  | 
| Chimaera Roost | 3 |  | 
| Tree of Life | 1 |  | 
                19 total
 » build order
                00:08 Altar of Elders
00:17 Moon Well
01:28 Ancient of War
01:32 Moon Well
02:12 Moon Well
02:38 Ancient of Wonders
03:07 Tree of Ages
03:07 Tree of Ages
05:51 Tree of Eternity
05:55 Ancient of Wind
06:58 Moon Well
06:59 Moon Well
08:21 Chimaera Roost
08:51 Chimaera Roost
08:53 Chimaera Roost
09:41 Moon Well
10:08 Moon Well
18:23 Tree of Life
» items
                
                | Staff of Preservation | 1 |  | 
| Lesser Clarity Potion | 3 |  | 
| Moonstone | 5 |  | 
| Scroll of Town Portal | 6 |  | 
| Potion of Healing | 1 |  | 
                16 total
  
               
              
              
HoneyBlunt (
blue | 81 APM | 3254 actions | 40:09)
              
 6 Tauren Chieftain 
 2 War Stomp
 3 Endurance Aura
 1 Reincarnation
 5 Shadow Hunter 
 2 Hex
 3 Healing Wave
 
                » actions 
                
                | Assign group hotkey | 34 |  | 
| Basic commands | 160 |  | 
| Build / train | 59 |  | 
| ESC pressed | 7 |  | 
| Enter build submenu | 17 |  | 
| Enter hero's abilities submenu | 11 |  | 
| Give item / drop item | 1 |  | 
| Right click | 1935 |  | 
| Select / deselect | 371 |  | 
| Select group hotkey | 482 |  | 
| Use ability | 177 |  | 
                3254 total
 » units 
                
                | Peon | 13 |  | 
| Grunt | 9 |  | 
| Troll Witch Doctor | 8 |  | 
| Tauren | 3 |  | 
                33 total
 » upgrades
                
                | Berserker Strength | 1 |  | 
| Melee Weapons | 1 |  | 
| Armor | 1 |  | 
| Witch Doctor Training | 2 |  | 
| Reinforced Defenses | 1 |  | 
                6 total
 » buildings
                
                | Altar of Storms | 1 |  | 
| Orc Burrow | 7 |  | 
| Barracks | 1 |  | 
| Voodoo Lounge | 1 |  | 
| Stronghold | 1 |  | 
| War Mill | 1 |  | 
| Fortress | 1 |  | 
| Spirit Lodge | 1 |  | 
| Tauren Totem | 1 |  | 
| Great Hall | 3 |  | 
                18 total
 » build order
                00:15 Altar of Storms
00:20 Orc Burrow
00:41 Barracks
01:36 Orc Burrow
02:21 Voodoo Lounge
03:05 Stronghold
03:41 Orc Burrow
04:15 War Mill
06:52 Fortress
07:15 Spirit Lodge
07:59 Orc Burrow
10:03 Tauren Totem
15:50 Orc Burrow
19:28 Great Hall
28:36 Great Hall
33:26 Great Hall
37:59 Orc Burrow
39:46 Orc Burrow
» items
                
                | Scroll of Town Portal | 2 |  | 
| Boots of Speed | 1 |  | 
| Potion of Healing | 1 |  | 
| Potion of Mana | 1 |  | 
                5 total
  
               team 2 (loser) 
              
              
» 
ASPENMANSION (
red | 162 APM | 5961 actions | 36:50)
              
 6 Blademaster 
 2 Wind Walk
 3 Critical Strike
 1 Bladestorm
 5 Tauren Chieftain 
 3 War Stomp
 2 Endurance Aura
 
                » actions 
                
                | Assign group hotkey | 89 |  | 
| Basic commands | 297 |  | 
| Build / train | 113 |  | 
| ESC pressed | 2 |  | 
| Enter build submenu | 27 |  | 
| Enter hero's abilities submenu | 11 |  | 
| Give item / drop item | 19 |  | 
| Remove unit from queue | 3 |  | 
| Right click | 2426 |  | 
| Select / deselect | 823 |  | 
| Select group hotkey | 1815 |  | 
| Use ability | 336 |  | 
                5961 total
 » units 
                
                | Peon | 11 |  | 
| Grunt | 7 |  | 
| Raider | 4 |  | 
| Kodo Beast | 3 |  | 
| Troll Witch Doctor | 9 |  | 
| Troll Batrider | 11 |  | 
| Tauren | 4 |  | 
| Wind Rider | 2 |  | 
                51 total
 » upgrades
                
                | Ensnare | 1 |  | 
| Witch Doctor Training | 2 |  | 
| Berserker Strength | 1 |  | 
| War Drums Damage Increase | 1 |  | 
| Reinforced Defenses | 1 |  | 
| Melee Weapons | 1 |  | 
| Pulverize | 1 |  | 
| Pillage | 1 |  | 
| Envenomed Spears | 1 |  | 
                10 total
 » buildings
                
                | Altar of Storms | 1 |  | 
| Orc Burrow | 5 |  | 
| Barracks | 1 |  | 
| Voodoo Lounge | 2 |  | 
| Stronghold | 1 |  | 
| War Mill | 2 |  | 
| Beastiary | 2 |  | 
| Spirit Lodge | 1 |  | 
| Fortress | 2 |  | 
| Tauren Totem | 1 |  | 
| Great Hall | 1 |  | 
| Watch Tower | 6 |  | 
                25 total
 » build order
                00:04 Altar of Storms
00:18 Orc Burrow
00:45 Barracks
01:41 Voodoo Lounge
02:00 Orc Burrow
02:48 Stronghold
03:05 War Mill
03:48 Orc Burrow
05:20 Beastiary
05:24 Spirit Lodge
07:02 Orc Burrow
08:24 Fortress
11:47 Tauren Totem
11:49 Orc Burrow
19:58 Voodoo Lounge
20:23 Great Hall
23:45 Beastiary
24:33 War Mill
26:16 Watch Tower
26:19 Watch Tower
28:33 Watch Tower
28:53 Watch Tower
29:12 Watch Tower
29:17 Watch Tower
» items
                
                | Healing Salve | 9 |  | 
| Scroll of Speed | 4 |  | 
| Circlet of Nobility | 2 |  | 
| Boots of Speed | 1 |  | 
| Potion of Lesser Invulnerability | 2 |  | 
| Lesser Clarity Potion | 7 |  | 
| Scroll of Town Portal | 3 |  | 
| Orb of Lightning | 1 |  | 
| Tiny Great Hall | 1 |  | 
                30 total
  
               
              
              
» 
FergaliciousDef (
orange | 75 APM | 3026 actions | 40:04)
              
 5 Archmage 
 2 Summon Water Elemental
 2 Brilliance Aura
 1 Blizzard
 
                » actions 
                
                | Assign group hotkey | 41 |  | 
| Basic commands | 94 |  | 
| Build / train | 91 |  | 
| ESC pressed | 18 |  | 
| Enter build submenu | 52 |  | 
| Enter hero's abilities submenu | 8 |  | 
| Give item / drop item | 2 |  | 
| Right click | 1164 |  | 
| Select / deselect | 658 |  | 
| Select group hotkey | 728 |  | 
| Use ability | 169 |  | 
                3026 total
 » units 
                
                | Peasant | 13 |  | 
| Footman | 10 |  | 
| Forest Troll Berserker | 1 |  | 
| Forest Troll Shadow Priest | 2 |  | 
| Mud Golem | 1 |  | 
                27 total
 » upgrades
                » buildings
                
                | Altar of Kings | 1 |  | 
| Barracks | 1 |  | 
| Farm | 4 |  | 
| Scout Tower | 34 |  | 
| Arcane Tower | 2 |  | 
| Keep | 10 |  | 
| Lumber Mill | 1 |  | 
| Town Hall | 3 |  | 
| Guard Tower | 21 |  | 
| Arcane Vault | 1 |  | 
| Blacksmith | 2 |  | 
                80 total
 » build order
                00:06 Altar of Kings
00:16 Barracks
00:20 Farm
00:50 Farm
01:45 Farm
02:39 Farm
05:51 Scout Tower
05:52 Scout Tower
06:12 Arcane Tower
06:12 Arcane Tower
08:48 Keep
08:49 Keep
09:09 Lumber Mill
10:21 Scout Tower
10:22 Scout Tower
10:33 Town Hall
10:37 Guard Tower
10:39 Guard Tower
10:40 Guard Tower
10:50 Scout Tower
10:55 Scout Tower
11:23 Guard Tower
11:39 Town Hall
11:46 Guard Tower
12:34 Scout Tower
12:35 Scout Tower
12:52 Scout Tower
12:54 Scout Tower
13:29 Guard Tower
14:01 Arcane Vault
17:14 Keep
17:15 Keep
18:30 Scout Tower
18:56 Scout Tower
18:57 Guard Tower
19:03 Scout Tower
19:25 Guard Tower
19:26 Scout Tower
19:43 Keep
19:44 Guard Tower
19:51 Blacksmith
20:25 Guard Tower
21:11 Scout Tower
21:12 Scout Tower
21:13 Scout Tower
21:15 Scout Tower
21:16 Scout Tower
21:18 Scout Tower
21:20 Scout Tower
21:42 Guard Tower
21:48 Guard Tower
21:48 Guard Tower
21:51 Guard Tower
21:55 Town Hall
21:57 Guard Tower
25:06 Blacksmith
25:21 Keep
25:24 Keep
25:27 Keep
25:32 Keep
28:02 Keep
35:23 Scout Tower
35:24 Scout Tower
35:25 Scout Tower
35:28 Scout Tower
35:29 Scout Tower
35:30 Scout Tower
35:32 Scout Tower
35:34 Scout Tower
35:36 Scout Tower
35:42 Scout Tower
35:56 Guard Tower
35:56 Guard Tower
36:00 Scout Tower
36:01 Guard Tower
36:05 Scout Tower
36:06 Guard Tower
36:07 Guard Tower
36:09 Guard Tower
36:11 Scout Tower
» items
                
                | Staff of Teleportation | 1 |  | 
| Dust of Appearance | 1 |  | 
| Scroll of Regeneration | 3 |  | 
| Tome of Retraining | 1 |  | 
| Potion of Invisibility | 3 |  | 
| Potion of Lesser Invulnerability | 4 |  | 
| Boots of Speed | 1 |  | 
| Lesser Clarity Potion | 4 |  | 
| Healing Salve | 1 |  | 
                19 total
  
               
              
              
KillTyme (
green | 110 APM | 3658 actions | 33:22)
              
 6 Death Knight 
 3 Death Coil
 3 Unholy Aura
 5 Lich 
 3 Frost Nova
 2 Frost Armor
 
                » actions 
                
                | Assign group hotkey | 31 |  | 
| Basic commands | 282 |  | 
| Build / train | 82 |  | 
| ESC pressed | 4 |  | 
| Enter build submenu | 20 |  | 
| Enter hero's abilities submenu | 11 |  | 
| Give item / drop item | 5 |  | 
| Right click | 2227 |  | 
| Select / deselect | 569 |  | 
| Select group hotkey | 255 |  | 
| Use ability | 172 |  | 
                3658 total
 » units 
                
                | Acolyte | 9 |  | 
| Ghoul | 2 |  | 
| Crypt Fiend | 16 |  | 
| Frost Wyrm | 8 |  | 
                35 total
 » upgrades
                
                | Burrow | 1 |  | 
| Web | 1 |  | 
| Creature Attack | 1 |  | 
| Creature Carapace | 1 |  | 
                4 total
 » buildings
                
                | Crypt | 1 |  | 
| Graveyard | 1 |  | 
| Ziggurat | 6 |  | 
| Altar of Darkness | 1 |  | 
| Tomb of Relics | 1 |  | 
| Halls of the Dead | 1 |  | 
| Black Citadel | 2 |  | 
| Sacrificial Pit | 1 |  | 
| Boneyard | 1 |  | 
| Spirit Tower | 1 |  | 
| Necropolis | 1 |  | 
                17 total
 » build order
                00:07 Crypt
00:09 Graveyard
00:39 Ziggurat
01:00 Altar of Darkness
01:36 Tomb of Relics
02:29 Ziggurat
03:25 Halls of the Dead
04:55 Ziggurat
06:39 Black Citadel
10:00 Sacrificial Pit
11:42 Boneyard
12:02 Ziggurat
14:56 Ziggurat
18:36 Spirit Tower
23:29 Necropolis
25:02 Ziggurat
» items
                
                | Rod of Necromancy | 2 |  | 
| Sacrificial Skull | 1 |  | 
| Potion of Healing | 5 |  | 
| Scroll of Town Portal | 4 |  | 
| Orb of Corruption | 1 |  | 
| Scroll of Healing | 2 |  | 
| Potion of Mana | 1 |  | 
| Dust of Appearance | 1 |  | 
                17 total
  
               
              
              
ultopia (
teal | 61 APM | 2039 actions | 33:20)
              
 5 Blademaster 
 3 Wind Walk
 2 Critical Strike
 4 Shadow Hunter 
 2 Hex
 2 Healing Wave
 
                » actions 
                
                | Assign group hotkey | 53 |  | 
| Basic commands | 243 |  | 
| Build / train | 64 |  | 
| ESC pressed | 4 |  | 
| Enter build submenu | 18 |  | 
| Enter hero's abilities submenu | 9 |  | 
| Give item / drop item | 2 |  | 
| Remove unit from queue | 1 |  | 
| Right click | 779 |  | 
| Select / deselect | 271 |  | 
| Select group hotkey | 497 |  | 
| Use ability | 97 |  | 
                2039 total
 » units 
                » upgrades
                
                | Berserker Strength | 1 |  | 
| Armor | 3 |  | 
| Envenomed Spears | 1 |  | 
| Ranged Weapons | 1 |  | 
                6 total
 » buildings
                
                | Altar of Storms | 1 |  | 
| Orc Burrow | 5 |  | 
| Barracks | 1 |  | 
| Voodoo Lounge | 1 |  | 
| Stronghold | 2 |  | 
| Beastiary | 2 |  | 
| Fortress | 1 |  | 
| War Mill | 1 |  | 
| Great Hall | 2 |  | 
                16 total
 » build order
                00:05 Altar of Storms
00:18 Orc Burrow
00:39 Barracks
01:28 Orc Burrow
01:55 Voodoo Lounge
03:24 Stronghold
03:26 Orc Burrow
05:57 Beastiary
05:59 Beastiary
06:07 Orc Burrow
08:25 Fortress
09:24 War Mill
11:46 Orc Burrow
19:30 Great Hall
22:16 Great Hall
26:01 Stronghold
» items
                
                | Healing Salve | 5 |  | 
| Boots of Speed | 1 |  | 
| Circlet of Nobility | 1 |  | 
| Lesser Clarity Potion | 4 |  | 
| Scroll of Speed | 1 |  | 
| Scroll of Town Portal | 1 |  | 
| Potion of Healing | 4 |  | 
| Scroll of Regeneration | 2 |  | 
| Orb of Lightning | 1 |  | 
                20 total
  
                Chat log
          (00:19 / Allies) ErPf3000: map;S
(01:10 / All) KillTyme: gusy we have  anoob
(01:17 / All) HoneyBlunt: we all do
(01:19 / All) ErPf3000: me too.!
(01:20 / All) General-M: what a coincidence
(01:26 / All) General-M: we have honeyblunt
(01:29 / All) HoneyBlunt: in AT u choose your allies mind you
(01:29 / All) FergaliciousDef: my condolences
(01:35 / All) KillTyme: we got aspension, im tryin to tell him rushin best option
(01:45 / All) KillTyme: he'sl ike no
(01:49 / All) General-M: trust him
(01:52 / All) General-M: rush is a good idea.
(01:52 / All) HoneyBlunt: u should rush the vreeps
(01:54 / All) KillTyme: i know
(01:55 / All) GnR: i say you backstab him
(02:44 / Allies) General-M: AM
(02:45 / Allies) General-M: fast
(02:51 / All) ErPf3000: ohh
(02:52 / Allies) General-M: wait for it
(03:27 / All) FergaliciousDef: lol?
(05:04 / Allies) ErPf3000: iten
(05:06 / Allies) ErPf3000: toma
(06:43 / All) FergaliciousDef: god i hate this game
(06:49 / All) GnR: what happened
(08:21 / Allies) ErPf3000: tp
(08:39 / All) FergaliciousDef: your so pro purple
(09:21 / All) FergaliciousDef: how did you ever get so pro purple?
(09:37 / All) General-M: you tell me
(09:48 / Allies) GnR: air
(09:52 / All) FergaliciousDef: i dont know the secret ary of right click and chase half across map
(09:54 / All) FergaliciousDef: art
(10:11 / All) FergaliciousDef: i hate you more and more
(10:20 / Allies) HoneyBlunt: gettinb tp
(10:27 / Allies) General-M: orange has no main
(11:20 / All) FergaliciousDef: \
(14:23 / All) FergaliciousDef: TAKE THAT
(14:25 / All) FergaliciousDef: EAT MY TOWERS
(14:30 / All) ASPENMANSION: lol
(14:35 / All) FergaliciousDef: FUCKing HOES
(14:37 / All) FergaliciousDef: -.-
(16:05 / All) FergaliciousDef: puRPLe
(16:08 / All) FergaliciousDef: Ur fucking mine
(16:31 / All) FergaliciousDef: HAHAHAhAha
(16:49 / All) GnR: you're very fucking annoying ornage.. no class
(16:51 / All) GnR: pure trash
(17:04 / All) FergaliciousDef: your one to talk you chased my hero halfway across map
(17:23 / All) GnR: what does that have anything to do with it you dumb fuck?
(17:28 / Allies) ErPf3000: feed
(17:33 / Allies) ErPf3000: omg
(17:37 / All) FergaliciousDef: it has nothing to do with me you stupid shit?
(18:26 / All) FergaliciousDef: IS THAT ALL YOU GOT
(18:27 / All) FergaliciousDef: YOU BITCH
(20:05 / Allies) ErPf3000: am
(21:31 / Allies) ErPf3000: b
(21:32 / Allies) ErPf3000: biuy  tp
(21:46 / Allies) ErPf3000: honey  doc
(21:56 / Allies) HoneyBlunt: im dead
(22:15 / All) FergaliciousDef: silly purple u cant catch me 
(22:22 / All) FergaliciousDef: yet ur prolly still chasing
(22:22 / All) General-M: not my aim to
(23:15 / Allies) GnR: im out
(23:21 / All) FergaliciousDef: EAT SHIT AND DIE MONKEY MAN
(23:22 / All) FergaliciousDef: HAHAHA
(24:10 / Allies) GnR: sending owl
(24:13 / All) FergaliciousDef: oh no
(24:17 / All) GnR: LMAAAAAAAAAAAAAOOOOOOOOOOOo
(24:33 / All) FergaliciousDef: you still cant kill me
(24:35 / All) FergaliciousDef: you guys ar esad
(25:25 / Allies) GnR: meet
(25:26 / Allies) GnR: l;sat chance
(25:39 / Allies) GnR: fucki ornage
(25:41 / Allies) GnR: kill teal
(26:01 / Allies) HoneyBlunt: GOGIOG
(26:02 / All) FergaliciousDef: gave up on trying 2 kill me eh?
(26:03 / Allies) GnR: kil geren
(26:05 / All) FergaliciousDef: damn wuss
(27:00 / All) FergaliciousDef: THX
(28:44 / Allies) GnR: hero building
(28:47 / Allies) GnR: then we go
(29:04 / Allies) GnR: NEEXT
(29:04 / Allies) GnR: MEET
(29:09 / Allies) ErPf3000: doc
(29:12 / Allies) ErPf3000: honey use
(30:08 / Allies) ErPf3000: sh
(30:09 / Allies) ErPf3000: sh
(31:49 / Allies) GnR: save me
(32:09 / Allies) HoneyBlunt: SAVE
(32:28 / All) GnR: LMAAAAAAAAAAAOOOOOOOOOOo
(32:37 / All) General-M: orange... i cant hear you =/
(32:46 / All) FergaliciousDef: ?
(33:17 / All) ErPf3000: zzz
(33:21 / All) GnR: asshole
(33:22 / All) GnR: fuck you
(33:25 / All) GnR: lick my balls
(33:27 / All) HoneyBlunt: gg
(33:28 / All) General-M: LMAO
(33:31 / All) General-M: ORANGE OWNED
(33:36 / All) General-M: KEKEKEKEKEKEKEKEKEKEKE
(33:43 / All) FergaliciousDef: only cuz u morons kept running in my towers
(33:44 / All) FergaliciousDef: <3
(33:47 / All) GnR: yoiu suck
(33:48 / All) GnR: fuck you
(33:52 / All) HoneyBlunt: gg
(33:54 / All) General-M: aw, you buttz hurtz?
(33:55 / All) GnR: and lick my balls LIke I said
(33:57 / All) General-M: LAWL
(33:57 / All) HoneyBlunt: clan 46n2 ftw
(33:58 / All) General-M: LAWL
(33:59 / All) GnR: LMAOO
(34:00 / All) FergaliciousDef: no not really
(34:01 / Allies) GnR: HA HAHAHAH
(34:03 / All) FergaliciousDef: if youd like
(34:04 / All) ErPf3000: practice!  gg
(34:06 / All) GnR: dumb fucking feeder
(34:08 / All) GnR: HAHAHAHAH
(34:08 / All) FergaliciousDef: i could pretend to be mad 
(34:09 / All) ErPf3000: thz  :S
(34:10 / All) FergaliciousDef: make you feel better
(34:11 / All) General-M: OWNZ
(34:12 / All) GnR: you are
(34:14 / All) FergaliciousDef: FUCK YOU
(34:15 / All) GnR: but you're in pain
(34:17 / All) General-M: keep telling yourself that
(34:18 / All) GnR: your ass hurts
(34:19 / All) FergaliciousDef: YOU FUCKING NOOOOOBS
(34:19 / All) HoneyBlunt: leaving would make me feel great
(34:20 / All) General-M: OWNED
(34:22 / All) FergaliciousDef: ^^
(34:22 / All) General-M: LOSER
(34:31 / All) General-M: GO BACK TO YOUR BASEMENT FUCKING YOUR MOTHER
(34:35 / All) General-M: HAHAHA
(34:37 / All) GnR: LMAAOO
(35:16 / All) General-M: MMMMMMMM, so RAPED
(35:41 / All) General-M: didnt your mother teach you not to mess with ppl that are superior to you? while you were fucking her?
(35:54 / All) FergaliciousDef: your just nasty :/
(35:56 / All) GnR: LMAAOO
(36:24 / Allies) GnR: put wards
(36:30 / All) GnR: you like taking it in the ass don't you? HA HA HA
(36:31 / All) GnR: stay
(36:36 / All) GnR: i'll put your bm right inyour ass
(36:42 / All) ASPENMANSION: pussy
(36:43 / All) General-M: LAWLZ
(36:44 / All) GnR: HA HA HA
(36:44 / All) General-M: RAPED
(36:45 / Allies) ErPf3000: am!
(36:46 / All) ASPENMANSION: nice job newb'
(36:47 / All) GnR: FUCK YOU
(36:48 / All) GnR: LMAO
(36:49 / All) GnR: you suck
(36:55 / All) HoneyBlunt: gg
(37:00 / All) HoneyBlunt: clan 46n2 ftw
(37:12 / All) General-M: seriously
(37:14 / All) General-M: LEARN
(37:15 / All) General-M: TO
(37:17 / All) General-M: PLAY
(37:34 / All) FergaliciousDef: whats funny is id rape any of you guys in solo
(37:34 / All) FergaliciousDef: <3
(37:40 / All) HoneyBlunt: good for u
(37:47 / All) General-M: wait.. so we rape your hero
(37:48 / All) GnR: you'll take it in the ass there too
(37:52 / All) General-M: like... what... 5 times?
(37:54 / Allies) ErPf3000: lumber  plz!
(37:56 / All) General-M: then we rape your bases
(38:01 / All) FergaliciousDef: well yeah
(38:04 / All) General-M: and you cant even counter a SIMPLE bat strat?
(38:07 / All) FergaliciousDef: how do you stop 30 bats
(38:09 / All) GnR: let's see
(38:10 / All) FergaliciousDef: teir 1
(38:11 / Allies) GnR: HOw fast
(38:13 / All) GnR: How fast
(38:17 / All) GnR: your towers can kill my potm
(38:40 / All) General-M: MMMMMMMMMMMMM I LOVE CUMMING IN YOUR MOUTH
(38:47 / All) ErPf3000:   leave plzx!
(38:49 / All) ErPf3000: zzz
(38:50 / All) FergaliciousDef: did you jus stomp the towers
(38:51 / All) FergaliciousDef: lol
(38:58 / Allies) ErPf3000: lumber  plz!
(38:59 / Allies) ErPf3000: gime
(38:59 / All) HoneyBlunt: hell ya
(39:16 / Allies) ErPf3000: lumber
(39:17 / Allies) ErPf3000: wood
(39:22 / Allies) General-M: gold?
(39:47 / All) General-M: once upon a time, orange sucked... OH WAIT, THAT NEVER CHANGED
(39:56 / All) General-M: LAWLZ LAWLZ LAWLZ
(39:58 / All) GnR: LMAAAAAAAAAOOOOOOOOOOO
(39:58 / All) FergaliciousDef: that doesnt even make sense ;/
(40:03 / All) FergaliciousDef: gg